 Dungeon Crawl Stone Soup version 0.21.1-1-g345015f (webtiles) character file.

1084 diana the Basher (level 8, -1/64 HPs)
             Began as a Minotaur Fighter on May 27, 2018.
             Was a Believer of Okawaru.
             Slain by a gnoll
             ... wielding a +0 spear
              (7 damage)
             ... on level 5 of the Dungeon.
             The game lasted 00:07:16 (3823 turns).

diana the Basher (Minotaur Fighter)                 Turns: 3823, Time: 00:07:17

Health: -1/64      AC: 11    Str: 28    XL:     8   Next: 8%
Magic:  7/7        EV:  7    Int:  5    God:    Okawaru [**....]
Gold:   345        SH: 10    Dex: 10    Spells: 7/7 levels left

rFire    . . .     SeeInvis .   g - +0 mace
rCold    . . .     Gourm    .   c - +0 shield
rNeg     . . .     Faith    .   b - +0 scale mail
rPois    .         Spirit   .   (helmet restricted)
rElec    .         Reflect  .   (no cloak)
rCorr    .         Harm     .   h - +0 pair of gloves
MR       .....                  p - +2 pair of boots
Stlth    ..........             (no amulet)
HPRegen  0.20/turn              (no ring)
MPRegen  0.10/turn              (no ring)

@: mighty
A: retaliatory headbutt, horns 2
a: Heroism, Renounce Religion


You were on level 5 of the Dungeon.
You worshipped Okawaru.
Okawaru was pleased with you.
You were hungry.

You visited 1 branch of the dungeon, and saw 5 of its levels.

You collected 345 gold pieces.

Inventory:

Hand Weapons
 a - a +0 flail
 g - a +0 mace (weapon)
Armour
 b - a +0 scale mail (worn)
 c - a +0 shield (worn)
 h - a +0 pair of gloves (worn)
 p - a +2 pair of boots (worn)
Jewellery
 j - an uncursed ring of wizardry {unknown}
 r - an uncursed ring of ice {unknown}
Wands
 q - a wand of flame (48)
 s - a wand of polymorph (11)
Scrolls
 e - 3 scrolls of remove curse {unknown}
 l - 5 scrolls of identify {unknown}
 m - 4 scrolls of magic mapping {unknown}
 o - 2 scrolls of teleportation {unknown}
 x - a scroll of immolation {unknown}
 y - a scroll of enchant armour {unknown}
Potions
 d - 4 potions of might
 i - 2 potions of heal wounds {unknown}
 k - a potion of curing {unknown}
 n - 2 potions of lignification {unknown}
 t - 2 potions of mutation {unknown}
 u - a potion of brilliance {unknown}
 v - a potion of degeneration {unknown}
 w - a potion of cancellation {unknown}
 z - a potion of flight {unknown}
Comestibles
 f - 9 rations


   Skills:
 - Level 3.6 Fighting
 + Level 11.4 Maces & Flails
 - Level 3.6 Armour
 - Level 3.6 Shields


You had 7 spell levels left.
You didn't know any spells.

Dungeon Overview and Level Annotations

Branches:
Dungeon (5/15)             Temple (0/1) D:5

Altars:
Cheibriados
Fedhas
Nemelex Xobeh
Okawaru
Sif Muna
Uskayaw
Wu Jian


Innate Abilities, Weirdness & Mutations

You reflexively headbutt those who attack you in melee.
You have a pair of horns on your head.


Message History

The ogre is heavily wounded.
The ogre hits you with a giant club!
* * * LOW HITPOINT WARNING * * *
You bludgeon the ogre!!
You kill the ogre!
Okawaru accepts your kill.
You have reached level 8!
You feel stronger. You block the gnoll's attack. You block the gnoll's attack.
You see here a giant club.
You closely miss the gnoll. You block the gnoll's attack.
You sock the orc wizard!
You kill the orc wizard!
Okawaru accepts your kill. You block the gnoll's attack.
You sock the gnoll! Your headbutt misses the gnoll.
The gnoll is almost dead.
The gnoll hits you with a spear!
You die...

#..............#..§§.#
#......>.......#..§..#
#####.##...............#
..#...##.............###
....######...#.#######
.########..#.#.###
..........##.#...#
############...#)# #
###.#@# # #.#g# ## #.go#
.# ###.. .# .... .#
..... . ....... .
........ ..........


You could see 2 gnolls and an orc.

Vanquished Creatures
  The ghost of kalagan the Caller, an amateur DESu (D:3)
  2 ice beasts (D:5)
  Duvessa (D:5)
  3 ogres (D:5)
  Dowan (D:5)
  A crimson imp (D:5)
  A bullfrog skeleton (D:5)
  An orc wizard (D:5)
  2 iguanas (D:5)
  2 worker ants (D:5)
  The ghost of Iko the Grasshopper, a weakling DgWr (D:5)
  A gnoll (D:5)
  4 adders
  6 worms
  2 dart slugs
  4 leopard geckos
  8 orcs
  6 bats
  3 giant cockroaches
  16 goblins
  10 hobgoblins
  5 jackals
  12 kobolds
  A ball python (D:3)
  3 frilled lizards
  A jackal skeleton (D:5)
  5 rats
103 creatures vanquished.

Notes
Turn   | Place    | Note
-------+----------+-------------------------------------------
     0 | D:1      | diana the Minotaur Fighter began the quest for the Orb.
     0 | D:1      | Reached XP level 1. HP: 19/19 MP: 0/0
   281 | D:1      | Reached skill level 3 in Maces & Flails
   287 | D:1      | Found an iron altar of Okawaru.
   312 | D:1      | Became a worshipper of Warmaster Okawaru
   381 | D:1      | Reached XP level 2. HP: 23/26 MP: 1/1
   571 | D:1      | Reached skill level 4 in Maces & Flails
   738 | D:2      | Reached XP level 3. HP: 28/31 MP: 2/2
  1463 | D:2      | Reached skill level 5 in Maces & Flails
  1628 | D:2      | Found a deep blue altar of Sif Muna.
  2082 | D:3      | Reached XP level 4. HP: 39/39 MP: 3/3
  2108 | D:3      | Noticed kalagan's ghost (amateur DESu)
  2407 | D:3      | Killed kalagan's ghost
  2407 | D:3      | Reached skill level 7 in Maces & Flails
  2407 | D:3      | Reached XP level 5. HP: 14/45 MP: 4/4
  2429 | D:3      | Found a sparkling altar of Nemelex Xobeh.
  2602 | D:3      | Found a blossoming altar of Fedhas.
  2661 | D:3      | Found a hide-covered altar of Uskayaw.
  3243 | D:4      | Found a snail-covered altar of Cheibriados.
  3347 | D:4      | Noticed an ogre
  3365 | D:5      | Entered Level 5 of the Dungeon
  3365 | D:5      | Found a staircase to the Ecumenical Temple.
  3395 | D:5      | Noticed an ice beast
  3396 | D:5      | Found an ornate altar of the Wu Jian Council.
  3411 | D:5      | Killed an ice beast
  3411 | D:5      | Reached * piety under Okawaru
  3411 | D:5      | Reached skill level 8 in Maces & Flails
  3411 | D:5      | Reached XP level 6. HP: 39/51 MP: 5/5
  3493 | D:5      | Noticed Dowan
  3494 | D:5      | Noticed Duvessa
  3515 | D:5      | Killed Duvessa
  3515 | D:5      | Reached skill level 9 in Maces & Flails
  3578 | D:5      | Reached XP level 7. HP: 57/57 MP: 6/6
  3617 | D:5      | Noticed Iko's ghost (weakling DgWr)
  3626 | D:5      | Killed Iko's ghost
  3631 | D:5      | Reached ** piety under Okawaru
  3654 | D:5      | Reached skill level 10 in Maces & Flails
  3701 | D:5      | Killed Dowan
  3809 | D:5      | Reached skill level 11 in Maces & Flails
  3819 | D:5      | Reached XP level 8. HP: 5/64 MP: 7/7
  3823 | D:5      | Slain by a gnoll

Skill      XL: |  1  2  3  4  5  6  7 |
---------------+----------------------+-----
Maces & Flails | 3 4 5 7 8 9 11 | 11.4
Fighting       | |  3.6
Armour         | |  3.6
Shields        | |  3.6

Action                   |  1- 3 |  4- 6 |  7- 9 || total
-------------------------+-------+-------+-------++-------
Melee: Flail             |    14 |       |       ||    14
       Mace              |    99 |   124 |    82 ||   305
       Headbutt          |    12 |    23 |    15 ||    50
  Use: Potion            |       |       |     1 ||     1
  Eat: Chunk             |     3 |     6 |       ||     9
Armor: Scale mail        |    38 |    72 |    32 ||   142
Dodge: Dodged            |    41 |    47 |    19 ||   107
Block: Shield            |    59 |    71 |    46 ||   176
